 Dungeon Crawl Stone Soup version 0.24.0-13-gcf9b319 (webtiles) character file.

Game seed: 6355976172867645436, levelgen mode: deterministic

119 Fang the Skirmisher (level 5, -1/33 HPs)
             Began as a Gargoyle Berserker on Nov 26, 2019.
             Was a Believer of Trog.
             Slain by a gnoll
             ... wielding a +0 flail
              (3 damage)
             ... on level 3 of the Dungeon.
             The game lasted 00:01:21 (1994 turns).

Fang the Skirmisher (Gargoyle Berserker)            Turns: 1994, Time: 00:01:22

Health: -1/33      AC:  7    Str: 21    XL:     5   Next: 3%
Magic:  5/5        EV: 12    Int:  8    God:    Trog [**....]
Gold:   117        SH:  0    Dex:  9    Spells: 4/4 levels left

rFire    . . .     SeeInvis .   a - +0 hand axe
rCold    . . .     Gourm    .   (no shield)
rNeg     + . .     Faith    .   b - +0 animal skin
rPois    ∞         Spirit   .   (no helmet)
rElec    +         Reflect  .   (no cloak)
rCorr    .         Harm     .   (no gloves)
MR       +....                  i - +0 pair of boots {Stlth+}
Stlth    ++........             (no amulet)
HPRegen  0.11/turn              m - ring of protection from magic
MPRegen  0.09/turn              (no ring)

@: no status effects
A: negative energy resistance 1, electricity resistance, unbreathing,
petrification resistance, rot immunity, AC +4
a: Berserk, Trog's Hand, Renounce Religion


You were on level 3 of the Dungeon.
You worshipped Trog.
Trog was pleased with you.
You were not hungry.

You visited 1 branch of the dungeon, and saw 3 of its levels.

You collected 117 gold pieces.

Inventory:

Hand Weapons
 a - a +0 hand axe (weapon)
Armour
 b - a +0 animal skin (worn)
 i - a +0 pair of boots of stealth (worn)
Jewellery
 m - a ring of protection from magic (left hand)
Scrolls
 d - a scroll of amnesia {unknown}
 f - a scroll of teleportation {unknown}
 j - 2 scrolls of identify
Potions
 e - 3 potions of lignification {unknown}
 h - 2 potions of curing
 l - a potion of degeneration {unknown}
Comestibles
 c - 8 rations
 g - a chunk of flesh


   Skills:
 + Level 4.1 Fighting
 + Level 3.4 Axes
 + Level 3.2 Armour
 + Level 2.4 Dodging
 + Level 0.8 Stealth


You had 4 spell levels left.
You didn't know any spells.
Your spell library was empty.

Dungeon Overview and Level Annotations

Branches:
Dungeon (3/15)

Altars:


Innate Abilities, Weirdness & Mutations

You are resistant to torment.
Your stone body is resilient. (AC +4)
You are immune to poison.
You resist negative energy. (rN+)
You are resistant to electric shocks. (rElec)
You can survive without breathing.
You are immune to petrification.
You are immune to rotting.


Message History

You kill the gnoll!
Trog accepts your kill.
You have reached level 5!
You hit the gnoll.
The gnoll is lightly wounded.
The gnoll closely misses you.
You hit the gnoll.
The gnoll is moderately wounded.
The gnoll hits you but does no damage.
You barely miss the gnoll.
The gnoll is moderately wounded.
The gnoll hits you with a +0 flail.
You hit the gnoll.
The gnoll is heavily wounded.
The gnoll hits you with a +0 flail!
* * * LOW HITPOINT WARNING * * *
You hit the gnoll.
The gnoll is almost dead.
The gnoll hits you with a +0 flail.
You die...

#.##.###.#
#.##<###.##
##.#..#....#
#.#######..#.##....#
[..................#
###....##########
#.?#..# #.##.##
#@##.# #g##.# ..##.#
.#.##.# ###.#..# ...
###


You could see a gnoll.

Vanquished Creatures
  A worker ant (D:2)
  2 gnolls (D:3)
  2 adders
  2 dart slugs (D:1)
  2 leopard geckos (D:2)
  A giant cockroach (D:1)
  6 goblins
  6 hobgoblins
  10 jackals
  2 quokkas
  5 bats (D:2)
  2 frilled lizards (D:2)
  5 kobolds (D:1)
  7 rats
53 creatures vanquished.

Notes
Turn   | Place    | Note
-------+----------+-------------------------------------------
     0 | D:1      | Fang the Gargoyle Berserker began the quest for the Orb.
     0 | D:1      | Reached XP level 1. HP: 14/14 MP: 1/1
    76 | D:1      | Reached XP level 2. HP: 5/19 MP: 2/2
   492 | D:1      | Reached XP level 3. HP: 21/23 MP: 3/3
  1040 | D:2      | Reached ** piety under Trog
  1179 | D:2      | Reached XP level 4. HP: 19/29 MP: 4/4
  1647 | D:2      | Reached skill level 4 in Fighting
  1989 | D:3      | Reached XP level 5. HP: 18/33 MP: 5/5
  1994 | D:3      | Slain by a gnoll

Levels and vault maps discovered:
D:1:      dpeg_arrival_simpleton_a, layout_basic
D:2:      layout_basic, minmay_pentomino_r4
D:3:      layout_rooms, first_ration, uniq_terence, uniq_grinder

Skill      XL: |  1  2  3  4 |
---------------+-------------+-----
Axes           | 3 |  3.4
Dodging        | 2 |  2.4
Armour         | 3 |  3.2
Fighting       | 4 |  4.1
Stealth        | |  0.8

Action                   |  1- 3 |  4- 6 || total
-------------------------+-------+-------++-------
Melee: Hand axe          |   103 |    65 ||   168
Invok: Berserk           |     1 |       ||     1
  Use: Scroll            |       |     2 ||     2
 Stab: Sleeping          |       |     2 ||     2
  Eat: Chunk             |     1 |     3 ||     4
Armor: Animal skin       |    39 |    24 ||    63
Dodge: Dodged            |    77 |    59 ||   136
